 Dungeon Crawl Stone Soup version 0.31.0-11-ge490571c62 (webtiles) character file.

Game seed: 4095081649060348227

1953 qw the Skirmisher (level 8, -1/46 HPs)
             Began as a Deep Elf Hunter on Feb 4, 2024.
             Was a Follower of Okawaru.
             Shot with a sling bullet by Joseph (6 damage)
             ... on level 7 of the Dungeon.
             The game lasted 00:00:22 (4196 turns).

qw the Skirmisher (Deep Elf Hunter)                 Turns: 4196, Time: 00:00:23

Health: -1/46      AC:  9    Str: 14    XL:     8   Next: 99%
Magic:  11/12      EV: 12    Int: 14    God:    Okawaru [*.....]
Gold:   68         SH:  0    Dex: 17    Spells: 7/7 levels left

rFire   . . .        r - +0 orcbow
rCold   . . .        (shield currently unavailable)
rNeg    . . .        p - +0 ring mail
rPois   +            (helmet restricted)
rElec   .            f - +1 cloak
rCorr   .            l - +1 pair of gloves
SInv    .            (no boots)
Will    .....        (no amulet)
Stlth   +            (no ring)
HPRegen 0.27/turn    (no ring)
MPRegen 0.13/turn

%: no passive effects
@: lethally poisoned (-1 -> -2), hasted, very quick
A: antennae 1, poison resistance, strong 1
a: Renounce Religion, Heroism


You were on level 7 of the Dungeon.
You worshipped Okawaru.
Okawaru was aware of your devotion.
You visited 2 branches of the dungeon, and saw 8 of its levels.

You collected 278 gold pieces.
You spent 210 gold pieces at shops.


Innate Abilities, Weirdness & Mutations

You have a pair of small antennae on your head.
Your system is resistant to poisons. (rPois)
Your muscles are strong. (Str +4, Int/Dex -1)


   Skills:
 - Level 3.3 Fighting
 + Level 13.4 Ranged Weapons
 - Level 2.5 Armour
 - Level 4.6 Dodging
 - Level 1.2 Stealth
 + Level 2.8 Invocations


You had 7 spell levels left.
You didn't know any spells.
Your spell library was empty.

Inventory:

Hand Weapons
 r - a +0 orcbow (weapon)
Armour
 f - a +1 cloak (worn)
 l - a +1 pair of gloves (worn)
 p - a +0 ring mail (worn)
Wands
 i - a wand of light (13)
 m - a wand of flame (3)
Potions
 b - a potion of cancellation
 d - 2 potions of might
 e - 2 potions of mutation
 g - 4 potions of curing
 k - 2 potions of enlightenment
 n - a potion of ambrosia {unknown}
 o - 2 potions of haste

Dungeon Overview and Level Annotations

Branches:
Dungeon (7/15)             Temple (1/1) D:5

Altars:
Cheibriados
Dithmenos
Elyvilon
Fedhas
Gozag
Hepliaklqana
Kikubaaqudgha
Makhleb
Okawaru
Qazlal
Ru
Sif Muna
Trog
Uskayaw
Xom

Shops:
D:4 (   D:5 *:!

Annotations:
D:7 Joseph


Message History

You feel sick. The hornet barely misses you.
You shoot an arrow. The arrow misses the hornet.
The arrow hits Joseph!
Joseph is severely wounded.
You feel sick. The hornet closely misses you.
You shoot an arrow.
The arrow hits the hornet but does no damage.
The hornet is almost dead.
You feel sick. The hornet stings you!
You shoot an arrow. The arrow hits the hornet.
You kill the hornet!
Okawaru accepts your kill.
You feel sick.
Your Invocations skill increases to level 2!
You shoot an arrow. The arrow hits the hound.
The hound is moderately wounded.
You feel sick. The hound closely misses you.
You shoot an arrow. The arrow completely misses the hound.
The arrow closely misses Joseph.
You feel sick. The hound closely misses you.
You shoot an arrow. The arrow hits the hound!
The hound is almost dead.
You feel sick. The hound closely misses you.
You shoot an arrow. The arrow hits the hound.
The hound is almost dead.
The hound bites you but does no damage.
You shoot an arrow. The arrow barely misses the hound.
The arrow closely misses Joseph.
You feel sick. The hound completely misses you.
You shoot an arrow. The arrow hits the hound.
You kill the hound!
Okawaru accepts your kill.
You feel sick.
Joseph shoots a sling bullet.
The sling bullet closely misses you.
You shoot an arrow. The arrow hits Joseph!
Joseph is severely wounded.
You shoot an arrow.
The arrow hits Joseph but does no damage.
Joseph is severely wounded.
You feel sick.
Joseph shoots a sling bullet.
The sling bullet hits you.
You die...

.........# #.#.#
#.# ....#.####
#.#.###.# .~
......#
#.#.....# . .
...#... ###.###
.#.# .## #.#
..... #.# #.~...
#.# #....#.
####.##...ยค...
#.@%@.........
#...#####....#.#
###. .#..... ..
.. #.~. ##. .#.
.. .. .#.. # #.
.# .. ## ## #..


You could see Joseph.

Vanquished Creatures
  A hornet (D:7)
  Menkaure (D:4)
  2 black bears
  An orc warrior (D:6)
  An ice beast (D:6)
  A sky beast (D:7)
  2 centaurs (D:6)
  A phantom (D:5)
  A gnoll sergeant (D:6)
  4 scorpions
  2 howler monkeys
  3 hounds
  2 orc priests (D:6)
  An iguana (D:5)
  A sleepcap (D:5)
  Terence (D:3)
  5 orc wizards
  6 gnolls
  7 adders
  2 white imps
  A ribbon worm (D:3)
  2 dart slugs
  17 orcs
  6 ball pythons
  7 endoplasms
  4 giant cockroaches
  5 goblins
  5 hobgoblins
  7 kobolds
  3 quokkas
  3 bats
  3 frilled lizards
  4 rats (D:1)
  A spectral orc (D:6)
113 creatures vanquished.

Notes
Turn   | Place    | Note
-------+----------+-------------------------------------------
     0 | D:1      | qw the Deep Elf Hunter began the quest for the Orb.
     0 | D:1      | Reached XP level 1. HP: 12/12 MP: 3/3
     0 | D:1      | 0 ||| qw: Version: 0.3-a-160-g6735b56
     0 | D:1      | 0 ||| qw: Game counter: 4677
     0 | D:1      | 0 ||| qw: Melee chars always use a shield: true
     0 | D:1      | 0 ||| qw: God list: Okawaru
     0 | D:1      | 0 ||| qw: Allow faded altars: false
     0 | D:1      | 0 ||| qw: Do Orc after clearing Dungeon:15 true
     0 | D:1      | 0 ||| qw: Do second Lair branch before Depths: true
     0 | D:1      | 0 ||| qw: Lair rune preference: random
     0 | D:1      | 0 ||| qw: Goals: Normal
     0 | D:1      | 0 ||| PLANNING D:1-11
    40 | D:1      | Reached XP level 2. HP: 12/16 MP: 4/4
    41 | D:1      | Reached skill level 6 in Ranged Weapons
    56 | D:1      | Found a faded altar of an unknown god.
   943 | D:1      | 943 ||| UPGRADING to +0 cloak.
   948 | D:1      | 948 ||| READING scroll labelled DEKHUUMOEK.
   948 | D:1      | 948 ||| ENCHANTING +0 cloak.
   949 | D:1      | 949 ||| READING scroll labelled BAJ RISIUPSUY.
  1050 | D:1      | 1050 ||| DROPPING scroll of butterflies.
  1120 | D:2      | Reached XP level 3. HP: 20/20 MP: 5/5
  1228 | D:2      | You fall into a shaft and drop 2 floors!
  1228 | D:4      | Found Ahouhin's Weapon Emporium.
  1229 | D:4      | 1229 ||| READING scroll labelled IFEGOA PAWADIU.
  1230 | D:4      | 1230 ||| READING scroll labelled OGYFEH JEREALL.
  1230 | D:4      | 1230 ||| BRANDING +0 shortbow.
  1231 | D:4      | 1231 ||| DRINKING 2 murky white potions.
  1327 | D:2      | Reached skill level 7 in Ranged Weapons
  1362 | D:2      | 1362 ||| READING scroll labelled JUSHAL IRI OKU.
  1362 | D:2      | 1362 ||| IDENTIFYING yellow potion
  1363 | D:2      | 1363 ||| DRINKING 2 fizzy grey potions.
  2008 | D:3      | Noticed Terence
  2015 | D:3      | Killed Terence
  2016 | D:3      | Reached XP level 4. HP: 25/25 MP: 6/6
  2027 | D:3      | 2027 ||| UPGRADING to +0 pair of gloves.
  2032 | D:3      | 2032 ||| UPGRADING to +0 scale mail.
  2042 | D:3      | 2042 ||| DROPPING +0 leather armour.
  2043 | D:3      | 2043 ||| READING 2 scrolls of identify.
  2043 | D:3      | 2043 ||| IDENTIFYING inky potion
  2044 | D:3      | 2044 ||| READING scroll of identify.
  2044 | D:3      | 2044 ||| IDENTIFYING 2 red potions
  2045 | D:3      | 2045 ||| DRINKING 2 orange potions.
  2046 | D:3      | 2046 ||| DROPPING 2 potions of lignification.
  2174 | D:4      | Reached skill level 8 in Ranged Weapons
  2174 | D:4      | Noticed Menkaure
  2176 | D:4      | 2176 ||| ZAPPING wand of light (6) at 5,-4 (Menkaure;
                  | floor).
  2177 | D:4      | 2177 ||| ZAPPING wand of light (5) at 5,-4 (Menkaure;
                  | floor).
  2177 | D:4      | Killed Menkaure
  2178 | D:4      | Reached XP level 5. HP: 29/29 MP: 7/7
  2179 | D:4      | Noticed a black bear
  2180 | D:4      | 2180 ||| RETREEEEATING.
  2181 | D:4      | 2181 ||| RETREEEEATING.
  2183 | D:4      | 2183 ||| ZAPPING wand of light (4) at 4,-2 (black bear;
                  | floor).
  2184 | D:4      | 2184 ||| RETREEEEATING.
  2185 | D:4      | 2185 ||| ZAPPING wand of light (3) at 3,-1 (black bear;
                  | floor).
  2186 | D:4      | 2186 ||| RETREEEEATING.
  2187 | D:4      | 2187 ||| ZAPPING wand of light (2) at 2,1 (black bear;
                  | floor).
  2187 | D:4      | Killed a black bear
  2188 | D:4      | Reached XP level 6. HP: 34/34 MP: 8/8
  2193 | D:4      | Reached skill level 9 in Ranged Weapons
  2288 | D:4      | 2288 ||| READING scroll of enchant armour.
  2288 | D:4      | 2288 ||| ENCHANTING +0 pair of gloves.
  2340 | D:4      | Found an ancient bone altar of Kikubaaqudgha.
  2575 | D:4      | 2575 ||| UPGRADING to +0 helmet.
  2580 | D:4      | 2580 ||| UPGRADING to +0 ring mail.
  2590 | D:4      | 2590 ||| DROPPING +0 scale mail.
  2591 | D:4      | 2591 ||| READING 2 scrolls of identify.
  2591 | D:4      | 2591 ||| IDENTIFYING scroll labelled NOONKA HOSCHEOM
  2592 | D:4      | 2592 ||| READING scroll of identify.
  2592 | D:4      | 2592 ||| IDENTIFYING scroll labelled DALAFEU ODDOIRCH
  2593 | D:4      | 2593 ||| READING 2 scrolls labelled UMNELUF MOACS.
  2593 | D:4      | 2593 ||| ENCHANTING +0 shortbow of flaming.
  2594 | D:4      | 2594 ||| READING scroll of enchant weapon.
  2594 | D:4      | 2594 ||| ENCHANTING +1 shortbow of flaming.
  2595 | D:4      | 2595 ||| DROPPING scroll of fog.
  2628 | D:5      | Entered Level 5 of the Dungeon
  2702 | D:5      | Reached skill level 10 in Ranged Weapons
  2702 | D:5      | Reached XP level 7. HP: 36/40 MP: 9/9
  2706 | D:5      | Reached skill level 3 in Dodging
  2724 | D:5      | Found Poshegap's Assorted Antiques.
  2727 | D:5      | Found Zidghenah's Book Boutique.
  2730 | D:5      | Found Ubru's Distillery.
  2731 | D:5      | Found Hyngoq's Antique Armour Shoppe.
  2764 | D:5      | 2764 ||| BUYING potion of curing (42 gold).
  2764 | D:5      | Bought a potion of curing for 42 gold pieces
  2764 | D:5      | 2764 ||| BUYING potion of curing (42 gold).
  2764 | D:5      | Bought a potion of curing for 42 gold pieces
  2764 | D:5      | 2764 ||| BUYING potion of enlightenment (70 gold).
  2764 | D:5      | Bought a potion of enlightenment for 70 gold pieces
  2764 | D:5      | 2764 ||| BUYING potion of might (56 gold).
  2764 | D:5      | Bought a potion of might for 56 gold pieces
  2764 | D:5      | 2764 ||| SHOPLISTING potion of mutation (112 gold, have 2).
  2764 | D:5      | 2764 ||| SHOPLISTING potion of resistance (140 gold, have
                  | 2).
  2772 | D:5      | 2772 ||| SHOPLISTING fizzy blue potion (18 gold, have 2).
  2772 | D:5      | 2772 ||| SHOPLISTING potion of curing (60 gold, have 2).
  2772 | D:5      | 2772 ||| SHOPLISTING scroll labelled JOIQY WILAYPPU (20
                  | gold, have 2).
  2787 | D:5      | Reached skill level 11 in Ranged Weapons
  2934 | D:5      | Found a staircase to the Ecumenical Temple.
  2935 | D:5      | 2935 ||| PLANNING TEMPLE
  2935 | D:5      | 2935 ||| READING scroll labelled OHICZOUCVI.
  2936 | D:5      | 2936 ||| READING scroll labelled TUM WOXUFY.
  2938 | D:5      | 2938 ||| Stepping ~*~*~tactically~*~*~ (cloud).
  3029 | Temple   | Entered the Ecumenical Temple
  3030 | Temple   | 3030 ||| PLANNING OKAWARU WORSHIP
  3038 | Temple   | Became a worshipper of Warmaster Okawaru
  3039 | Temple   | 3039 ||| PLANNING D:1-11
  3164 | D:5      | Identified the amulet of Fedhas's Wrath {RegenMP Regen+
                  | Dex-5 Stlth+}
  3166 | D:5      | 3166 ||| DRINKING 5 potions of curing.
  3166 | D:5      | 3166 ||| (to cure confusion)
  3234 | D:5      | 3234 ||| READING scroll labelled WORITR EZIXKOE.
  3235 | D:5      | 3235 ||| DRINKING 2 purple potions.
  3235 | D:5      | Gained mutation: Your system is resistant to poisons.
                  | (rPois) [potion of mutation]
  3235 | D:5      | Gained mutation: Your muscles are strong. (Str +4, Int/Dex
                  | -1) [potion of mutation]
  3235 | D:5      | Gained mutation: You have a pair of small antennae on your
                  | head. [potion of mutation]
  3236 | D:5      | 3236 ||| DROPPING +0 helmet.
  3308 | D:6      | 3308 ||| FLEEEEING.
  3309 | D:6      | 3309 ||| FLEEEEING.
  3310 | D:6      | 3310 ||| FLEEEEING.
  3311 | D:6      | 3311 ||| FLEEEEING.
  3312 | D:6      | 3312 ||| FLEEEEING.
  3313 | D:6      | 3313 ||| FLEEEEING.
  3315 | D:6      | 3315 ||| FLEEEEING.
  3316 | D:6      | 3316 ||| FLEEEEING.
  3317 | D:6      | 3317 ||| FLEEEEING.
  3318 | D:6      | 3318 ||| STAIRDANCE
  3387 | D:6      | Reached skill level 12 in Ranged Weapons
  3387 | D:6      | Reached XP level 8. HP: 44/44 MP: 10/10
  3620 | D:6      | 3620 ||| READING scroll of brand weapon.
  3620 | D:6      | 3620 ||| BRANDING +2 shortbow of flaming.
  3653 | D:6      | Reached skill level 3 in Fighting
  3703 | D:6      | 3703 ||| SWAPPING to +0 orcbow.
  3704 | D:6      | 3704 ||| DROPPING +2 heavy shortbow.
  3787 | D:6      | 3787 ||| FLEEEEING.
  3788 | D:6      | 3788 ||| FLEEEEING.
  3789 | D:6      | 3789 ||| FLEEEEING.
  3816 | D:6      | HP: 11/46 [howler monkey (6)]
  3817 | D:6      | 3817 ||| READING scroll of teleportation.
  3818 | D:6      | 3818 ||| DRINKING 4 potions of heal wounds.
  3894 | D:6      | Found a hazy altar of Hepliaklqana.
  3970 | D:6      | Reached * piety under Okawaru
  4010 | D:6      | Reached skill level 1 in Invocations
  4022 | D:6      | Found a blossoming altar of Fedhas.
  4027 | D:6      | Found a sacrificial altar of Ru.
  4030 | D:6      | Found a shadowy altar of Dithmenos.
  4033 | D:6      | 4033 ||| READING scroll of identify.
  4033 | D:6      | 4033 ||| IDENTIFYING white potion
  4034 | D:6      | 4034 ||| DRINKING 4 lumpy emerald potions.
  4035 | D:6      | 4035 ||| DROPPING potion of berserk rage.
  4143 | D:7      | Noticed Joseph
  4143 | D:7      | 4143 ||| INVOKING Heroism.
  4151 | D:7      | 4151 ||| FLEEEEING.
  4152 | D:7      | 4152 ||| FLEEEEING.
  4157 | D:7      | Noticed a hornet
  4158 | D:7      | 4158 ||| RETREEEEATING.
  4159 | D:7      | 4159 ||| RETREEEEATING.
  4159 | D:7      | HP: 10/46 [Joseph/sling bullet (2)]
  4160 | D:7      | 4160 ||| DRINKING 3 potions of heal wounds.
  4161 | D:7      | 4161 ||| INVOKING Heroism.
  4165 | D:7      | Reached skill level 13 in Ranged Weapons
  4169 | D:7      | HP: 11/46 [poisoned by a hornet]
  4170 | D:7      | 4170 ||| DRINKING 2 potions of heal wounds.
  4174 | D:7      | 4174 ||| DRINKING 3 potions of haste.
  4174 | D:7      | HP: 10/46 [hornet (13)]
  4175 | D:7      | 4175 ||| DRINKING potion of heal wounds.
  4187 | D:7      | HP: 10/46 [hornet (8)]
  4188 | D:7      | Killed a hornet
  4193 | D:7      | HP: 6/46 [poisoned by a hornet]
  4196 | D:7      | Shot with a sling bullet by Joseph

Levels and vault maps discovered:
D:1:      mainiacjoe_arrival_oval_in_oval, layout_basic,
          hellmonk_ecumenical_altar_arch_garden
D:2:      minmay_angry_zag, layout_basic
D:3:      layout_basic, uniq_terence
D:4:      layout_rooms, kiku_gazebo_pond_becter, serial_shops, shop,
          uniq_menkaure
D:5:      layout_rooms, minmay_temple_entry_nine_rooms, nicolae_wooded_promenade
D:6:      layout_rooms, minmay_overflow_temple_star_quad,
          nicolae_hepliaklqana_monster_ancestors
D:7:      layout_loops_ring, kennysheep_mini, nicolae_kite_square_tiling_tiny,
          uniq_jeremiah, uniq_joseph
Temple:   nicolae_temple_ecumenical_triangle

Skill      XL: |  1  2  3  4  5  6  7  8 |
---------------+-------------------------+-----
Ranged Weapons | 6 7 8 10 12 13 | 13.4
Armour         | 2 |  2.5
Fighting       | 2 3 |  3.3
Dodging        | 3 4 |  4.6
Invocations    | 2 |  2.8
Stealth        | |  1.2

Action                     |  1- 3 |  4- 6 |  7- 9 || total
---------------------------+-------+-------+-------++-------
   Fire: Shortbow          |    99 |    75 |   102 ||   276
         Orcbow            |       |       |   103 ||   103
 Invoke: Heroism           |       |       |     2 ||     2
  Evoke: Wand              |       |     5 |       ||     5
    Use: Scroll            |     5 |     7 |     6 ||    18
         Potion            |     2 |     1 |     8 ||    11
 Armour: Leather armour    |     8 |       |       ||     8
         Scale mail        |       |    17 |       ||    17
         Ring mail         |       |     3 |    70 ||    73
  Dodge: Dodged            |    22 |    19 |    52 ||    93

Table legend:
 A = Non-vault XP
 B = Vault XP
 C = Vault XP percentage of total XP
 D = Non-vault monster count
 E = Vault monster count
 F = Vault count percentage of total count
                 A         B        C        D         E       F
            +---------+---------+-------+---------+---------+-------
      Total |    2590 |     201 |   7.2 |     105 |       8 |   7.1
            +---------+---------+-------+---------+---------+-------
        D:1 |      38 |       0 |   0.0 |      22 |       0 |   0.0
        D:2 |      19 |       7 |  26.9 |      11 |       4 |  26.7
        D:3 |      21 |      36 |  63.2 |       4 |       1 |  20.0
        D:4 |     320 |     154 |  32.5 |      20 |       1 |   4.8
        D:5 |     765 |       0 |   0.0 |      16 |       0 |   0.0
        D:6 |     967 |       4 |   0.4 |      29 |       2 |   6.5
        D:7 |     460 |       0 |   0.0 |       3 |       0 |   0.0
            +---------+---------+-------+---------+---------+-------
